AoeStats
← HR Pinkman

Arabian Desert

509472724Analyzed
1v1 RM · 4d ago on Sep 26, 2026· 55m 10s· 2 players
Game mode
Random Map
Map size
Tiny (2 player)
Population
200
Speed
Normal
Resources
Standard
Victory
Conquest
Starting age
Dark Age
Ending age
Imperial Age
RankedLock teamsTeams togetherTeam positionsShared explorationLock speedFull tech treeHidden civsTurbo modeCheats
Victory
Defeat
🇨🇱 Muisca · Chile
2150
+20
🇪🇬 Tatars · Egypt
2235
-20
HR Pinkman
6:21 Loom
9:10 Feudal Age
9:17 Champi Runner
9:54 Double-Bit Axe
15:21 Fletching
21:51 Castle Age
22:29 Bodkin Arrow
21:54 Crossbowman
32:10 Padded Archer Armor
32:52 Horse Collar
36:02 Wheelbarrow
37:00 Ballistics
38:25 Leather Archer Armor
39:00 Bow Saw
39:32 Town Watch
42:55 Imperial Age
41:54 Herbalism
43:17 Hand Cart
43:27 Forging
43:17 Scale Mail Armor
44:13 Squires
45:05 Bracer
47:14 Chain Mail Armor
47:14 Elite Temple Guard
50:05 Chemistry
49:36 Plate Mail Armor
54:04 Iron Casting
54:30 Heavy Plow
55:56 Masonry
Ghosty
5:21 Loom
8:30 Feudal Age
9:47 Double-Bit Axe
18:23 Fletching
19:35 Padded Archer Armor
24:36 Castle Age
22:40 Horse Collar
24:40 Elite Skirmisher
25:17 Bodkin Arrow
27:11 Ballistics
28:58 Leather Archer Armor
29:17 Bloodlines
30:18 Husbandry
38:17 Scale Barding Armor
38:53 Bow Saw
41:07 Chain Barding Armor
47:32 Imperial Age
45:26 Gold Mining
46:40 Wheelbarrow
45:51 Town Watch
47:27 Masonry
47:44 Forging
48:34 Gold Shaft Mining
47:37 Capped Ram
48:27 Elite Keshik
49:46 Plate Barding Armor
50:41 Iron Casting
50:19 Silk Armor
50:39 Conscription
51:02 Bracer
Connection lost

Rejoining the realm…

Still unreachable

The connection could not be restored.

Session expired

The server has moved on; the page needs a fresh start.